 Dungeon Crawl Stone Soup version 0.17.0-1-g61d176b (webtiles) character file.

229 HungrySpirit the Cudgeler (level 6, -3/37 HPs)
             Began as a Gargoyle Fighter on Nov 7, 2015.
             Slain by CrazyArbalest's ghost (5 damage)
             ... while paralysed by CrazyArbalest's ghost
             ... in an ossuary.
             The game lasted 00:04:16 (2526 turns).

HungrySpirit the Cudgeler (Gargoyle Fighter)        Turns: 2526, Time: 00:04:16

Health: -3/37      AC: 11    Str: 26    XL:     6   Next: 3%
Magic:  12/15      EV:  2    Int:  9    God:
Gold:   122        SH:  0    Dex:  9    Spells: 0 memorised, 5 levels left

rFire  . . .     SeeInvis +     a - +0 flail
rCold  . . .     Clarity  .     b - +0 scale mail
rNeg   + . .     SustAt   .     (no shield)
rPois  ∞         Gourm    .     (no helmet)
rElec  +         Spirit   .     (no cloak)
rCorr  .         Warding  .     (no gloves)
rMut   +         Stasis   .     (no boots)
MR     .....                    B - amulet of resist mutation
Stlth  ..........               j - ring of see invisible
                                w - ring of magical power

@: paralysed, mighty, not resistant to hostile enchantments, extremely
unstealthy
A: negative energy resistance 1, electricity resistance, unbreathing,
petrification resistance, rot immunity, AC +4
a: no special abilities


You were in an ossuary.
You were hungry.

You visited 1 branch of the dungeon, and saw 4 of its levels.
You also visited: Ossuary.

You collected 122 gold pieces.

Inventory:

Hand Weapons
 a - a +0 flail (weapon)
 g - a +0 whip of venom
Armour
 b - a +0 scale mail (worn)
 c - a +0 shield
Jewellery
 j - a ring of see invisible (right hand)
 w - a ring of magical power (left hand)
 B - an amulet of resist mutation (around neck)
Scrolls
 f - a scroll of random uselessness {unknown}
 l - a scroll of remove curse {unknown}
 m - a scroll of recharging {unknown}
 o - 2 scrolls of immolation {unknown}
 q - 3 scrolls of identify {unknown}
 r - 2 scrolls of enchant armour {unknown}
 s - a scroll of amnesia {unknown}
 y - a scroll of teleportation {unknown}
 A - a scroll of enchant weapon {unknown}
Potions
 i - a potion of curing
 k - 2 potions of haste {unknown}
 p - a potion of magic {unknown}
 t - 2 potions of heal wounds {unknown}
 u - a potion of agility {unknown}
 v - a potion of resistance {unknown}
 z - a potion of cancellation {unknown}
Comestibles
 e - a bread ration
 h - 2 fruits
 n - 2 beef jerkies


   Skills:
 - Level 3.2 Fighting
 + Level 6.1 Maces & Flails
 - Level 3.2 Armour
 - Level 3.2 Shields


You had 5 spell levels left.
You didn't know any spells.

Dungeon Overview and Level Annotations

Branches:
Dungeon (4/15)
 Temple: D:4-7

Altars:
Nemelex Xobeh

Annotations:
Ossuary CrazyArbalest's ghost, amateur MiHu


Innate Abilities, Weirdness & Mutations

You are resistant to torment.
Your stone body is resilient (AC +4).
You are immune to poison.
You resist negative energy.
You are resistant to electric shocks.
You can survive without breathing.
You are immune to petrification.
You are immune to rotting.


Message History

CrazyArbalest's ghost hits you.
You hit CrazyArbalest's ghost but do no damage.
CrazyArbalest's ghost is heavily damaged.
CrazyArbalest's ghost hits you but does no damage.
CrazyArbalest's ghost hits you.
You sock CrazyArbalest's ghost!
CrazyArbalest's ghost is severely damaged.
CrazyArbalest's ghost hits you but does no damage.
Space bends around you.
You hit CrazyArbalest's ghost but do no damage.
CrazyArbalest's ghost is severely damaged.
You feel yourself speed up. CrazyArbalest's ghost hits you!
* * * LOW HITPOINT WARNING * * *
You suddenly lose the ability to move!
CrazyArbalest's ghost hits you.
* * * LOW HITPOINT WARNING * * *
You feel your power leaking away.
CrazyArbalest's ghost hits you but does no damage.
CrazyArbalest's ghost hits you.
You die...

##.....##
##.......##
#.........#
+....⌠....+
#.........#
#.......#
#..W..# #@#
#.# ##.##
#.∩.# #.∩.#
#####


You could see CrazyArbalest's ghost.

Vanquished Creatures
  2 orc wizards (D:3)
  Robin (D:1)
  3 adders (D:2)
  An ooze (D:3)
  6 worms
  3 giant geckos
  16 orcs
  6 bats
  2 giant cockroaches
  12 goblins
  12 hobgoblins
  3 jackals
  8 kobolds
  2 quokkas
  2 ball pythons (D:3)
  A giant newt (D:3)
  9 rats
89 creatures vanquished.

Notes
Turn   | Place    | Note
--------------------------------------------------------------
     0 | D:1      | HungrySpirit the Gargoyle Fighter began the quest for the Orb.
     0 | D:1      | Reached XP level 1. HP: 14/14 MP: 1/1
   290 | D:1      | Reached XP level 2. HP: 19/19 MP: 2/2
   883 | D:2      | Noticed Robin
   891 | D:1      | Killed Robin
   891 | D:1      | Reached XP level 3. HP: 21/23 MP: 3/3
  1169 | D:2      | Reached skill level 4 in Maces & Flails
  1224 | D:2      | Reached XP level 4. HP: 20/28 MP: 4/4
  1466 | D:2      | Found a sparkling altar of Nemelex Xobeh.
  1850 | D:3      | Reached skill level 5 in Maces & Flails
  1880 | D:3      | Reached XP level 5. HP: 29/32 MP: 5/5
  2373 | D:3      | Reached skill level 6 in Maces & Flails
  2467 | D:4      | Reached XP level 6. HP: 37/37 MP: 6/6
  2494 | D:4      | Found a sand-covered staircase.
  2505 | Ossuary  | Entered an ossuary
  2509 | Ossuary  | Noticed CrazyArbalest's ghost (amateur MiHu)
  2524 | Ossuary  | Paralysed by CrazyArbalest's ghost for 5 turns
  2524 | Ossuary  | HP: 1/37 [CrazyArbalest's ghost (6)]
  2526 | Ossuary  | Slain by CrazyArbalest's ghost

Action                   |  1- 3 |  4- 6 || total
-------------------------+-------+-------++-------
Melee: Flail             |    14 |     9 ||    23
       Whip              |   107 |   195 ||   302
  Use: Potion            |       |     1 ||     1
  Eat: Chunk             |     1 |     4 ||     5
